 Dungeon Crawl Stone Soup version 0.26-a0-800-g517d6fe721 (webtiles) character file.

Game seed: 11140645170209190389

4349 dolemite99 the Tainter (level 10, -23/77 HPs)
             Began as a Purple Draconian Venom Mage on Nov 11, 2020.
             Was a Believer of Yredelemnul.
             Killed from afar by Erica (30 damage)
             ... with a bolt of poison
             ... on level 8 of the Dungeon.
             The game lasted 00:22:53 (11522 turns).

dolemite99 the Tainter (DrVM)                      Turns: 11522, Time: 00:22:53

Health: -23/77     AC: 11    Str: 11    XL:     10   Next: 12%
Magic:  9/15       EV: 12    Int: 24    God:    Yredelemnul [**....]
Gold:   28         SH:  0    Dex: 12    Spells: 3/13 levels left

rFire    . . .     SeeInvis .   b - +0 hunting sling (vorpal)
rCold    . . .     Faith    .   (no shield)
rNeg     . . .     Spirit   .   (armour unavailable)
rPois    .         Reflect  .   (helmet restricted)
rElec    .         Harm     .   r - +0 cloak
rCorr    .         Rampage  .   g - +1 pair of gloves
MR       +....                  P - +0 pair of boots
Stlth    ++........             (no amulet)
HPRegen  0.22/turn              O - +4 ring of slaying
MPRegen  0.14/turn              F - +6 ring of intelligence

@: lethally poisoned (-23 -> -41), hasted and slowed
A: breathe power, unfitting armour, cold-blooded, AC +7
a: Breathe Dispelling Energy, Animate Remains, Recall Undead Slaves, Injury
Mirror, Renounce Religion


You were on level 8 of the Dungeon.
You worshipped Yredelemnul.
Yredelemnul was pleased with you.
You visited 1 branch of the dungeon, and saw 8 of its levels.

You collected 406 gold pieces.
You spent 378 gold pieces at shops.

Inventory:

Hand Weapons
 a - a +4 halberd of freezing
 b - a +0 vorpal hunting sling (weapon)
 i - a +0 dagger
 k - a +0 dagger
 n - a +0 spear
 t - a +0 mace of protection
 w - a +0 dagger of speed
 D - a +0 quarterstaff
 H - a +0 whip
 I - a +3 spear
 M - a +0 short sword of venom
Missiles
 c - 110 arrows
 d - 235 stones
 j - 4 boomerangs
 v - a throwing net
 x - 94 bolts
 B - 14 sling bullets (quivered)
 N - 6 javelins
Armour
 g - a +1 pair of gloves (worn)
 p - a +0 kite shield
 r - a +0 cloak (worn)
 A - a +0 buckler
 P - a +0 pair of boots (worn)
Jewellery
 y - an uncursed ring of resist corrosion
 F - a +6 ring of intelligence (right hand)
 L - an uncursed ring of poison resistance
 O - a +4 ring of slaying (left hand)
Wands
 z - a wand of flame (4)
 G - a wand of disintegration (15)
 K - a wand of paralysis (8)
Scrolls
 f - 2 scrolls of immolation
 h - 6 scrolls of remove curse {@r2}
 m - 3 scrolls of amnesia
 s - 3 scrolls of teleportation
 u - a scroll of fear
Potions
 e - 2 potions of flight
 l - 4 potions of curing
 o - a potion of haste
 q - 2 potions of lignification
 C - 2 potions of degeneration
 E - a potion of invisibility {unknown}
 J - 2 potions of attraction
 Q - 2 potions of mutation


   Skills:
 - Level 3.3 Fighting
 - Level 3.4 Slings
 - Level 1.7 Dodging
 - Level 1.7 Stealth
 - Level 2.4 Spellcasting
 + Level 4.6 Transmutations
 - Level 5.9 Air Magic
 - Level 8.6 Poison Magic
 - Level 6.6 Invocations
 - Level 5.7 Evocations


You had 3 spell levels left.
You knew the following spells:

 Your Spells              Type           Power        Failure   Level
a - Sting                 Tmut/Pois      ####         1%          1
b - Poisonous Vapours     Pois/Air       #####.       1%          2
c - Mephitic Cloud        Conj/Pois/Air  ####....     4%          3
d - Olgreb's Toxic Radia  Pois           #####...     3%          4

Your spell library contained the following spells:

 Spells                   Type           Power        Failure   Level
 Ignite Poison            Fire/Tmut/Pois ###.....     5%          3


Dungeon Overview and Level Annotations

Branches:
Dungeon (8/15)             Temple (0/1) D:4
   Lair: D:8-11

Altars:
Ashenzari
Dithmenos
Elyvilon
Gozag
Kikubaaqudgha
Okawaru
Uskayaw
Vehumet
Xom
Yredelemnul

Shops:
D:6 }

Annotations:
D:7 exclusion: downstairs


Innate Abilities, Weirdness & Mutations

You can breathe bolts of dispelling energy.
Your rich purple scales are hard. (AC +7)
You cannot fit into any form of body armour.
You are cold-blooded and may be slowed by cold attacks.


Message History

You see here a sling bullet.
Something hits you. Something burns you.
You feel yourself speed up. Something hits you! Something burns you.
You feel better. Something hits you. Something burns you.
You see here a sling bullet.
An adder comes into view.
You hear some strange, mumbled words.
A bolt of poison appears from out of thin air!
The bolt of poison hits you!!
You are poisoned.
* * * LOW HITPOINT WARNING * * *
You hear an angry hiss.
* * * LOW HITPOINT WARNING * * *
You feel sick.
You hear some strange, mumbled words.
A bolt of poison appears from out of thin air!
The bolt of poison hits you!!
You are more poisoned.
You die...
Your body rises from the dead as a mindless zombie.

## .[ ...##.#######
.. ............# .#
..###.#####.# )# ..
#.# ##.## ## #<#
#(..# #)## #...#
#)#@###### #(..# .
..###..{..# #...#
##. #.#
##S##(###(..##... ##
#(##......(.(..#
#.#.........(.).#
#S<#.#.........((#
.....#...#.#####(...
.....###.##.# .###
...(.. #.# #.# .#


You could see an adder (wandering).

Vanquished Creatures
  Harold (D:7)
  A two-headed ogre (D:8)
  3 yaks (D:8)
  2 orc warriors
  3 phantoms
  An ice beast (D:5)
  2 ogres (D:5)
  3 centaurs
  A big kobold (D:8)
  4 bullfrogs
  A gnoll sergeant (D:5)
  A scorpion (D:7)
  5 wights
  3 bullfrog zombies
  4 jellies
  A centaur skeleton (D:4)
  2 orc priests
  2 bullfrog skeletons
  4 hounds
  4 orc wizards
  Jessica (D:2)
  2 iguanas
  4 worker ants
  A hound skeleton (D:6)
  2 howler monkey skeletons (D:5)
  12 gnolls
  12 adders
  A white imp (D:5)
  2 adder skeletons (D:4)
  2 dart slugs
  3 leopard geckos
  29 orcs
  3 bats
  4 giant cockroaches
  5 goblins
  5 hobgoblins (D:4)
  4 jackals (D:7)
  5 quokkas
  3 frilled lizards
  12 kobolds
  A leopard gecko zombie (D:5)
  A quokka skeleton (D:4)
  2 rats (D:2)
164 creatures vanquished.

Vanquished Creatures (collateral kills)
  An orc priest (D:8)
1 creature vanquished.

Vanquished Creatures (others)
  A big kobold zombie (D:8)
  A bullfrog zombie (D:8)
  2 hound zombies (D:8)
  16 fungi (D:8)
  16 plants
36 creatures vanquished.

Grand Total: 201 creatures vanquished

Notes
Turn   | Place    | Note
-------+----------+-------------------------------------------
     0 | D:1      | dolemite99 the Draconian Venom Mage began the quest for the
                  | Orb.
     0 | D:1      | Reached XP level 1. HP: 14/14 MP: 3/3
   701 | D:1      | Reached skill level 1 in Fighting
   701 | D:1      | Reached XP level 2. HP: 22/23 MP: 3/5
  1110 | D:2      | Reached XP level 3. HP: 14/28 MP: 4/6
  1701 | D:2      | Found a basalt altar of Yredelemnul.
  1710 | D:2      | Became a worshipper of Yredelemnul the Dark
  1755 | D:2      | Found a white marble altar of Elyvilon.
  1933 | D:2      | Noticed Jessica
  1951 | D:2      | Reached XP level 4. HP: 28/36 MP: 3/7
  1960 | D:2      | Killed Jessica
  2340 | D:2      | Learned a level 2 spell: Poisonous Vapours
  2416 | D:3      | Reached skill level 4 in Poison Magic
  3020 | D:3      | Reached XP level 5. HP: 34/44 MP: 1/8
  4107 | D:4      | Reached skill level 1 in Slings
  4157 | D:4      | Found an iron altar of Okawaru.
  4217 | D:4      | Found a radiant altar of Vehumet.
  4221 | D:4      | Found an ancient bone altar of Kikubaaqudgha.
  4221 | D:4      | Found an opulent altar of Gozag.
  4222 | D:4      | Found a broken altar of Ashenzari.
  4351 | D:4      | Reached XP level 6. HP: 46/51 MP: 3/9
  4563 | D:4      | Found a staircase to the Ecumenical Temple.
  4965 | D:4      | Found a shimmering altar of Xom.
  4966 | D:4      | Found a hide-covered altar of Uskayaw.
  4968 | D:4      | Found a shadowy altar of Dithmenos.
  5173 | D:4      | Reached * piety under Yredelemnul
  5392 | D:5      | Entered Level 5 of the Dungeon
  5425 | D:5      | Reached skill level 1 in Air Magic
  5446 | D:5      | Your scales start taking on a rich purple colour.
  5446 | D:5      | Reached XP level 7. HP: 36/57 MP: 1/10
  6109 | D:5      | Reached skill level 5 in Air Magic
  6337 | D:5      | Learned a level 3 spell: Mephitic Cloud
  6342 | D:5      | Learned a level 4 spell: Olgreb's Toxic Radiance
  6493 | D:5      | Reached XP level 8. HP: 63/63 MP: 6/11
  6595 | D:5      | Reached skill level 5 in Poison Magic
  7345 | D:5      | Reached skill level 6 in Poison Magic
  8056 | D:6      | Reached ** piety under Yredelemnul
  8056 | D:6      | Reached skill level 7 in Poison Magic
  8458 | D:6      | Found Yquog's Gadget Boutique.
  8534 | D:6      | Bought a wand of paralysis (5) for 98 gold pieces
  8534 | D:6      | Bought a wand of iceblast (4) for 112 gold pieces
  9042 | D:6      | Reached skill level 8 in Poison Magic
  9246 | D:6      | Reached XP level 9. HP: 70/70 MP: 12/12
  9408 | D:7      | Reached skill level 1 in Invocations
 10004 | D:7      | Noticed Harold
 10028 | D:7      | Killed Harold
 10636 | D:6      | Bought a wand of paralysis (10) for 168 gold pieces
 10710 | D:8      | Noticed a two-headed ogre
 11268 | D:8      | Reached skill level 5 in Evocations
 11500 | D:8      | Killed a two-headed ogre
 11500 | D:8      | Reached XP level 10. HP: 73/77 MP: 7/15
 11522 | D:8      | Killed from afar by Erica

Illustrated notes

Levels and vault maps discovered:
D:1:      sevenhm_arrival_forest_fort_small_5, layout_basic
D:2:      layout_basic, kennysheep_ying_yang, minmay_misc_feat_five,
          kennysheep_boxes, uniq_jessica
D:3:      layout_rooms
D:4:      corexii_shack_village, layout_basic, minitemple,
          minmay_temple_entry_mist
D:5:      layout_loops_ring
D:6:      layout_rooms, serial_shops, nicolae_shop_statue_plus, enter_ossuary_5,
          hangedman_decor_push
D:7:      layout_basic, uniq_harold
D:8:      layout_loops_cross, grunt_lair_entry_orc_guard_hut, uniq_erica

Skill      XL: |  1  2  3  4  5  6  7  8  9 |
---------------+----------------------------+-----
Fighting       | 1 2 3 |  3.3
Transmutations | 2 3 4 |  4.6
Poison Magic   | 4 8 |  8.6
Slings         | 1 3 |  3.4
Air Magic      | 2 5 |  5.9
Invocations    | 6 |  6.6
Evocations     | 5 |  5.7
Dodging        | |  1.7
Stealth        | |  1.7
Spellcasting   | |  2.4

Action                   |  1- 3 |  4- 6 |  7- 9 | 10-12 || total
-------------------------+-------+-------+-------+-------++-------
Melee: Dagger            |    57 |     6 |       |       ||    63
       Tailslap          |     2 |     1 |     2 |       ||     5
       Hunting sling     |       |     1 |       |       ||     1
       Halberd           |       |       |    49 |       ||    49
       Spear             |       |       |     6 |       ||     6
 Fire: Hunting sling     |       |    99 |   233 |     3 ||   335
Throw: Stone             |    15 |       |    11 |       ||    26
 Cast: Sting             |    34 |    28 |    57 |       ||   119
       Poisonous Vapours |       |    35 |    49 |     1 ||    85
       Olgreb's Toxic Ra |       |       |     3 |       ||     3
       Mephitic Cloud    |       |       |     1 |       ||     1
Invok: Animate Remains   |       |       |     6 |       ||     6
 Abil: Breathe Dispellin |       |       |    18 |       ||    18
Evoke: Wand              |       |       |    24 |       ||    24
  Use: Scroll            |       |    16 |     6 |       ||    22
       Potion            |       |     1 |     1 |     2 ||     4
 Stab: Sleeping          |       |       |     2 |       ||     2
Armor: Skin              |    21 |    21 |    96 |       ||   138
Dodge: Dodged            |    47 |    38 |   163 |     1 ||   249

Table legend: (Time is in decaauts)
 A = Elapsed time spent in this place.
 B = Non-inter-level travel time spent in this place.
 C = Inter-level travel time spent in this place.
 D = Time resting spent in this place.
 E = Time spent auto-exploring this place.
 F = Levels seen in this place.
 G = Mean time per level.
                   A        B        C        D        E       F      G
               +--------+--------+--------+--------+--------+-----+--------+
         Total |  11575 |  11216 |    359 |   4360 |   4931 |   8 | 1446.9 |
       Dungeon |  11575 |  11216 |    359 |   4360 |   4931 |   8 | 1446.9 |
               +--------+--------+--------+--------+--------+-----+--------+

Top non-repeatable levels by time:
     D:5: 2209 daAuts
     D:2: 1909 daAuts
     D:6: 1856 daAuts
     D:7: 1650 daAuts
     D:4: 1525 daAuts
     D:3: 1202 daAuts
     D:1: 767 daAuts
     D:8: 454 daAuts
